AoeStats
← isodam

Arena

510065984Analyzed
1v1 RM · 4d ago on Sep 29, 2026· 68m 42s· 2 players
Game mode
Random Map
Map size
Tiny (2 player)
Population
200
Speed
Normal
Resources
Standard
Victory
Conquest
Starting age
Dark Age
Ending age
Imperial Age
RankedLock teamsTeams togetherTeam positionsShared explorationLock speedFull tech treeHidden civsTurbo modeCheats
Victory
Defeat
🇫🇷 Mongols · France
567
+11
🇫🇷 Poles · France
456
-11
audreyroussel.83
11:51 Feudal Age
13:48 Double-Bit Axe
15:14 Gold Mining
20:54 Castle Age
19:31 Stone Mining
24:19 Husbandry
25:59 Forging
31:10 Scale Barding Armor
31:38 Bloodlines
33:25 Fletching
36:49 Murder Holes
38:25 Iron Casting
38:38 Bow Saw
38:51 Bodkin Arrow
44:22 Chain Barding Armor
47:23 Imperial Age
47:48 Cavalier
49:42 Ballistics
53:58 Bracer
56:54 Fortified Wall
61:30 Horse Collar
isodam
0:38 Loom
12:31 Feudal Age
13:58 Wheelbarrow
13:06 Horse Collar
13:22 Double-Bit Axe
14:32 Gold Mining
14:34 Stone Mining
14:32 Town Watch
22:01 Castle Age
22:55 Bow Saw
22:48 Heavy Plow
23:27 Gold Shaft Mining
23:28 Stone Shaft Mining
24:51 Hand Cart
24:37 Town Patrol
31:17 Husbandry
31:29 Bloodlines
30:39 Light Cavalry
31:38 Fortified Wall
38:48 Nomads
41:21 Imperial Age
44:22 Conscription
43:28 Elite Mangudai
44:17 Elite Steppe Lancer
46:34 Chemistry
45:31 Murder Holes
50:09 Hussar
Connection lost

Rejoining the realm…

Still unreachable

The connection could not be restored.

Session expired

The server has moved on; the page needs a fresh start.